[Event "Juniorallsvenskan, Linkoping 2023"]
[Site "Linkoping, Sweden"]
[Date "2023.11.25"]
[Round "3.5"]
[White "Strom-Engdahl, Alexander"]
[Black "Bergman, Nils"]
[Result "1-0"]
[WhiteElo "2149"]
[BlackElo "1880"]
[ECO "B02"]
[TimeControl "90 min + 30 sec/move"]

1.e4 Nf6 2.e5 Nd5 3.Nc3 e6 4.Nxd5 exd5 5.d4 d6 6.Nf3 Be7 7.Bf4 O-O 8.Bd3 
Bg4 9.O-O dxe5 10.dxe5 c5 11.c4 dxc4 12.Be4 Qb6 13.Qc2 h6 14.Nd2 Nc6 15.
Nxc4 Qa6 16.Bxc6 Qxc6 17.a4 Rad8 18.Nd6 Bxd6 19.exd6 Rfe8 20.Rfe1 a6 21.
Qb3 Be6 22.Qg3 Kf8 23.h4 c4 24.Qc3 Kg8 25.Re3 Kh7 26.Rg3 g6 27.Qf6 Qd7 28.
Re1 Rc8 29.Be5 Rg8 30.h5 Bf5 31.Bc3 Rce8 32.hxg6+ Bxg6 33.Rxe8 Qxe8 34.Re3
Qxa4 35.Qd4 Qc2 36.d7 Qc1+ 37.Kh2 Bd3 38.Rg3 Rxg3 39.fxg3 1-0

[Event "Juniorallsvenskan, Linkoping 2023"]
[Site "Linkoping, Sweden"]
[Date "2023.11.25"]
[Round "3.6"]
[White "Willstedt, Lukas"]
[Black "Lindholm, Gustav"]
[Result "0-1"]
[WhiteElo "1794"]
[BlackElo "2092"]
[ECO "A45"]
[TimeControl "90 min + 30 sec/move"]

1.d4 Nf6 2.Bf4 d5 3.e3 c5 4.Nf3 Nc6 5.Nbd2 Bg4 6.h3 Bh5 7.g4 Bg6 8.Bb5 e6 
9.Ne5 Qb6 10.c4 Rc8 11.h4 dxc4 12.a4 cxd4 13.Ndxc4 Bb4+ 14.Ke2 Qd8 15.exd4
Be4 16.f3 Bd5 17.Qb3 Be7 18.Nxc6 Bxc6 19.Bxc6+ bxc6 20.Be5 O-O 21.Ne3 Nd5 
22.Nxd5 exd5 23.h5 f6 24.Bf4 Bd6 25.Bxd6 Qxd6 26.Kf2 Rb8 27.Qc3 Rfc8 28.
Kg2 c5 29.b3 cxd4 30.Qxd4 Rc2+ 31.Kh3 Rxb3 32.Qd1 Rcc3 33.Qe1 Rxf3+ 34.Kh4
Rbe3 35.Qg1 Qf4 0-1

[Event "Juniorallsvenskan, Linkoping 2023"]
[Site "Linkoping, Sweden"]
[Date "2023.11.25"]
[Round "3.7"]
[White "Karlsson, Stefan 2005"]
[Black "Karde, Douglas"]
[Result "0-1"]
[WhiteElo "1970"]
[BlackElo "1723"]
[ECO "B22"]
[TimeControl "90 min + 30 sec/move"]

1.e4 c5 2.Nf3 Nc6 3.c3 Nf6 4.e5 Nd5 5.Bc4 Nc7 6.d4 cxd4 7.cxd4 d5 8.Bd3 
Bg4 9.Nbd2 Qd7 10.h3 Bh5 11.Nb3 e6 12.a3 a5 13.Bf4 a4 14.g4 Bg6 15.Bxg6 
hxg6 16.Nc5 Bxc5 17.dxc5 Ra5 18.Rc1 Na6 19.Be3 d4 20.Bxd4 Nxd4 21.Qxd4 
Qxd4 22.Nxd4 Rxc5 23.Rxc5 Nxc5 24.Ke2 b6 25.Nb5 f6 26.h4 fxe5 27.Nd6+ Ke7 
28.Nc4 Nd7 29.Kd2 b5 30.Ne3 Nb6 31.Kc3 Nd5+ 32.Nxd5+ exd5 33.Kb4 Kd6 34.
Rc1 Rb8 35.f3 d4 36.Rc2 Rf8 37.Kxb5 Rxf3 38.Kxa4 d3 39.Rd2 Kd5 40.Kb4 Kd4 
41.a4 e4 0-1

[Event "Juniorallsvenskan, Linkoping 2023"]
[Site "Linkoping, Sweden"]
[Date "2023.11.25"]
[Round "3.8"]
[White "Enholm, Herman"]
[Black "Havner, Arvid"]
[Result "1-0"]
[WhiteElo "1703"]
[BlackElo "1906"]
[ECO "A36"]
[TimeControl "90 min + 30 sec/move"]

1.c4 Nf6 2.Nc3 c5 3.g3 g6 4.Bg2 Bg7 5.e4 d6 6.Nge2 Nc6 7.d3 O-O 8.O-O Ne8 
9.Be3 Nc7 10.d4 cxd4 11.Nxd4 Ne6 12.Nde2 Nc5 13.Rb1 a5 14.b3 Bd7 15.h3 Qc8
16.Kh2 Rb8 17.a3 Nd8 18.Nd5 Re8 19.Nb6 Qc7 20.Bxc5 dxc5 21.Qxd7 Qxd7 22.
Nxd7 Rc8 23.Nb6 Rc6 24.Nd5 Ne6 25.Rfd1 Nd4 26.Nxd4 Bxd4 27.Kg1 Rd6 28.Kf1 
Kf8 29.Nc7 1-0

[Event "Juniorallsvenskan, Linkoping 2023"]
[Site "Linkoping, Sweden"]
[Date "2023.11.25"]
[Round "3.9"]
[White "Torngren, Gustav"]
[Black "Dingertz, Erik"]
[Result "1-0"]
[WhiteElo "2289"]
[BlackElo "2183"]
[ECO "A14"]
[TimeControl "90 min + 30 sec/move"]
[WhiteTitle "FM"]

1.c4 Nf6 2.g3 e6 3.Nf3 d5 4.b3 Be7 5.Bg2 O-O 6.O-O c5 7.cxd5 exd5 8.d4 Nc6
9.Bb2 Bg4 10.Nbd2 Qb6 11.dxc5 Bxc5 12.Bxf6 gxf6 13.h3 Bh5 14.Nh4 Rad8 15.
Ndf3 Rfe8 16.Nf5 Bg6 17.N3h4 Nd4 18.Nxd4 Bxd4 19.Nxg6 Bxa1 20.Nf4 Be5 21.
Nxd5 Qa5 22.e4 Qxa2 23.f4 Bb2 24.e5 fxe5 25.Nf6+ Kf8 26.Qg4 Bd4+ 27.Kh1 
Re6 28.fxe5 Bxe5 29.Qg8+ Ke7 30.Nd5+ 1-0

[Event "Juniorallsvenskan, Linkoping 2023"]
[Site "Linkoping, Sweden"]
[Date "2023.11.25"]
[Round "3.10"]
[White "Ljung, Harald"]
[Black "Konduru, Gary Sairahul"]
[Result "1-0"]
[WhiteElo "2176"]
[BlackElo "1579"]
[ECO "D11"]
[TimeControl "90 min + 30 sec/move"]

1.d4 d5 2.Nf3 Nf6 3.g3 Bf5 4.Bg2 c6 5.O-O h6 6.c4 e6 7.Nc3 Bd6 8.Qb3 Qb6 
9.c5 Qxb3 10.axb3 Bc7 11.b4 b5 12.Nd2 a5 13.e4 dxe4 14.Ndxe4 Nd5 15.bxa5 
Nxc3 16.Nxc3 Rxa5 17.Rxa5 Bxa5 18.Bf4 O-O 19.Ra1 Bb4 20.Bd6 Rd8 21.Ra8 
Bxc3 22.bxc3 1-0

[Event "Juniorallsvenskan, Linkoping 2023"]
[Site "Linkoping, Sweden"]
[Date "2023.11.25"]
[Round "3.11"]
[White "Dahlin, Emil 2013"]
[Black "Dingertz, Filip"]
[Result "0-1"]
[WhiteElo "1338"]
[BlackElo "1855"]
[ECO "C50"]
[TimeControl "90 min + 30 sec/move"]

1.e4 e5 2.Nf3 Nc6 3.Bc4 Bc5 4.Nc3 d6 5.d3 Nf6 6.h3 h6 7.Be3 Bxe3 8.fxe3 
Na5 9.Bb3 O-O 10.O-O Nxb3 11.axb3 Re8 12.Qd2 c6 13.Rfe1 Nh7 14.d4 Ng5 15.
Nh2 d5 16.exd5 cxd5 17.dxe5 Rxe5 18.Qd4 Qd6 19.Nb5 Qb8 20.Rxa7 Rxa7 21.
Nxa7 Nxh3+ 22.gxh3 Rg5+ 23.Kh1 Qg3 24.Qd2 Bf5 25.Rf1 Be4+ 26.Nf3 Bxf3+ 0-1

[Event "Juniorallsvenskan, Linkoping 2023"]
[Site "Linkoping, Sweden"]
[Date "2023.11.26"]
[Round "4.1"]
[White "Dingertz, Erik"]
[Black "Lind Berteusen, Alvin"]
[Result "1/2-1/2"]
[WhiteElo "2183"]
[BlackElo "2071"]
[ECO "A26"]
[TimeControl "90 min + 30 sec/move"]

1.c4 Nf6 2.Nf3 g6 3.g3 Bg7 4.Bg2 O-O 5.O-O d6 6.Nc3 e5 7.d3 Nc6 8.Rb1 Nd4 
9.Nd2 c6 10.e3 Ne6 11.b4 Nh5 12.b5 c5 13.Nd5 f5 14.f4 Nf6 15.Bb2 Nd7 16.a4
Nc7 17.a5 Rb8 18.Ra1 Nxd5 19.Bxd5+ Kh8 20.Bg2 Qe7 21.Qe1 Nf6 22.b6 axb6 
23.axb6 Qd8 24.Bc3 Re8 25.Nf3 exf4 26.Ng5 Be6 27.exf4 Bg8 28.Qb1 Ng4 29.
Qb2 Bxc3 30.Qxc3+ Qf6 31.Qxf6+ Nxf6 32.Rfe1 d5 33.Nf3 dxc4 34.dxc4 Bxc4 
35.Ne5 Bd5 36.Bxd5 Nxd5 37.Nd7 Rxe1+ 1/2-1/2

[Event "Juniorallsvenskan, Linkoping 2023"]
[Site "Linkoping, Sweden"]
[Date "2023.11.26"]
[Round "4.2"]
[White "Jonsson, Oscar"]
[Black "Ljung, Harald"]
[Result "1/2-1/2"]
[WhiteElo "2063"]
[BlackElo "2176"]
[ECO "E05"]
[TimeControl "90 min + 30 sec/move"]

1.d4 d5 2.c4 e6 3.Nf3 Nf6 4.g3 Be7 5.Bg2 O-O 6.O-O dxc4 7.Qc2 a6 8.a4 Bd7 
9.Qxc4 Bc6 10.Bf4 Bd6 11.Qc1 a5 12.Nc3 Na6 13.Rd1 Nb4 14.Nb5 Bxf4 15.Qxf4 
Bxf3 16.Bxf3 c6 17.Na3 Nfd5 18.Qd2 Nb6 19.b3 Qf6 20.Qf4 Qe7 21.e4 Rfd8 22.
Qe3 Nd7 23.Rd2 e5 24.d5 Qc5 25.Nc4 Qxe3 26.Nxe3 Nc5 27.Rb1 f6 28.Bg2 Ne6 
29.Nc4 Nd4 30.f4 cxd5 31.exd5 Nxd5 32.Rbb2 Rac8 33.fxe5 fxe5 34.Nxe5 Rc1+ 
35.Kf2 Rf8+ 36.Nf3 Nxf3 37.Bxf3 Nb4 38.Kg2 b6 39.Rd6 Rf6 40.Rd8+ Rf8 
1/2-1/2

[Event "Juniorallsvenskan, Linkoping 2023"]
[Site "Linkoping, Sweden"]
[Date "2023.11.26"]
[Round "4.3"]
[White "Ivarsson, Sebastian"]
[Black "Li, Kaj"]
[Result "1-0"]
[WhiteElo "1947"]
[BlackElo "1618"]
[ECO "D07"]
[TimeControl "90 min + 30 sec/move"]

1.d4 d5 2.c4 Nc6 3.e3 e5 4.Nc3 Bb4 5.a3 Bxc3+ 6.bxc3 dxc4 7.Bxc4 Nf6 8.h3 
e4 9.Ne2 O-O 10.O-O b6 11.a4 a5 12.Ba3 Re8 13.Qb3 Qd7 14.Bb5 Ba6 15.c4 
Bxb5 16.cxb5 Ne7 17.Bxe7 Rxe7 18.Rfc1 Nd5 19.Rc4 Rc8 20.Rac1 g6 21.Nc3 Nb4
22.d5 Rce8 23.Rd1 Re5 24.Rcd4 Rg5 25.Kh1 Qf5 26.R1d2 Re5 27.Qb1 Rxg2 28.
Kxg2 Qf3+ 29.Kh2 Rh5 30.Qf1 f5 31.Qg2 g5 32.Qxf3 exf3 33.Kg3 1-0

[Event "Juniorallsvenskan, Linkoping 2023"]
[Site "Linkoping, Sweden"]
[Date "2023.11.26"]
[Round "4.4"]
[White "Lindquist, Karl"]
[Black "Anfalt, Erik"]
[Result "0-1"]
[WhiteElo "1190"]
[BlackElo "1816"]
[ECO "C54"]
[TimeControl "90 min + 30 sec/move"]

1.e4 e5 2.Nf3 Nc6 3.Bc4 Bc5 4.d3 Nf6 5.c3 a6 6.b4 Be7 7.O-O d6 8.h3 O-O 9.
Nh2 Be6 10.Bxe6 fxe6 11.f4 exf4 12.Bxf4 e5 13.Be3 Qe8 14.Nd2 Qg6 15.Ndf3 
Nh5 16.g4 Nf4 17.h4 Qh6 18.g5 Qh5 19.Kh1 Ng6 20.Bf2 Nd8 21.Nd2 Qxd1 22.
Raxd1 a5 23.b5 Ne6 24.Bg3 Ngf4 25.Nb1 Ne2 26.Bf2 Rf7 27.Rd2 N6f4 28.Re1 
Raf8 29.Ng4 c6 30.b6 Bd8 31.c4 c5 32.Rexe2 Nxe2 33.Rxe2 Rf4 34.Nc3 Rxg4 
35.Nd5 h6 36.Kh2 Rf3 37.Nc7 hxg5 38.Ne8 Be7 39.h5 Rgf4 40.Bg3 Rf8 41.Nc7 
Rxd3 42.Nd5 Bd8 43.Be1 Rff3 44.Bxa5 Rh3+ 45.Kg2 Rdg3+ 46.Kf2 Ra3 47.Kg2 g4
48.Bc3 Rhxc3 49.Nxc3 Rxc3 50.Rb2 Rxc4 51.Rd2 Be7 52.Re2 Rb4 53.Kg3 Rxb6 
54.Kxg4 Rc6 55.Rb2 Rc7 56.Kf3 Bg5 57.Rb6 c4 58.Rb2 c3 59.Rc2 Kh7 60.Kg4 
Bd2 0-1

[Event "Juniorallsvenskan, Linkoping 2023"]
[Site "Linkoping, Sweden"]
[Date "2023.11.26"]
[Round "4.5"]
[White "Nord, Alexander"]
[Black "Bergman, Nils"]
[Result "1-0"]
[WhiteElo "2196"]
[BlackElo "1880"]
[ECO "D02"]
[TimeControl "90 min + 30 sec/move"]
[WhiteTitle "CM"]

1.d4 d5 2.Nf3 Nf6 3.g3 c5 4.Bg2 cxd4 5.O-O h6 6.b3 h5 7.h4 Bg4 8.Bb2 Bxf3 
9.exf3 e5 10.Re1 Nc6 11.Bxd4 Nxd4 12.Qxd4 Bd6 13.f4 e4 14.Nc3 Qb6 15.Qxb6 
axb6 16.Nxd5 Nxd5 17.Red1 Nb4 18.Rxd6 Nxc2 19.Rc1 Nb4 20.a4 Nc6 21.Bxe4 
Ke7 22.Rcd1 Rhd8 23.Rxd8 Rxd8 24.Rxd8 Nxd8 25.Bf3 g6 26.f5 Kf6 27.fxg6 
fxg6 28.b4 Ke5 29.a5 bxa5 30.bxa5 Kd4 31.Bxb7 1-0

[Event "Juniorallsvenskan, Linkoping 2023"]
[Site "Linkoping, Sweden"]
[Date "2023.11.26"]
[Round "4.6"]
[White "Willstedt, Lukas"]
[Black "Morell, Ludvig"]
[Result "1-0"]
[WhiteElo "1794"]
[BlackElo "1977"]
[ECO "A45"]
[TimeControl "90 min + 30 sec/move"]

1.d4 Nf6 2.Bf4 d5 3.e3 c5 4.Nf3 Nc6 5.Nbd2 Bf5 6.dxc5 e6 7.Nd4 Bg6 8.Bb5 
Qc8 9.b4 Nd7 10.N2f3 Bh5 11.Qd2 Bxf3 12.Nxf3 f6 13.O-O a6 14.Ba4 b5 15.Bb3
h5 16.h4 Be7 17.a3 Nde5 18.Nxe5 fxe5 19.Bg3 Qd8 20.e4 g5 21.exd5 gxh4 22.
Bh2 h3 23.Qe2 hxg2 24.Rfd1 Nd4 25.Rxd4 exd4 26.Qxe6 Qd7 27.Qe5 Rg8 28.d6 
1-0

[Event "Juniorallsvenskan, Linkoping 2023"]
[Site "Linkoping, Sweden"]
[Date "2023.11.26"]
[Round "4.7"]
[White "Morell, Oscar"]
[Black "Enholm, Herman"]
[Result "1/2-1/2"]
[WhiteElo "1910"]
[BlackElo "1703"]
[ECO "C11"]
[TimeControl "90 min + 30 sec/move"]

1.e4 e6 2.Nf3 d5 3.Nc3 Nf6 4.e5 Nfd7 5.d4 Be7 6.h4 c5 7.dxc5 Nxc5 8.Rh3 h6
9.h5 Nc6 10.Rg3 Kf8 11.Be3 a6 12.Qd2 b5 13.O-O-O Qa5 14.Bxc5 Bxc5 15.Qf4 
Qb4 16.Qxb4 Nxb4 17.Nd4 Bb7 18.Nce2 Nxa2+ 19.Kb1 Nb4 20.f4 Nc6 21.Nxc6 
Bxc6 22.Nd4 Bd7 23.c3 Rg8 24.Bd3 Ke7 25.Nb3 Bb6 26.Bc2 Rad8 27.Bh7 Rgf8 
28.Bc2 Rh8 29.Rdd3 Rhg8 30.Rdf3 Bc6 31.Nd4 Bxd4 32.cxd4 b4 33.Bh7 Rgf8 34.
Rxg7 Bb5 35.Bd3 Rg8 36.Rxg8 Bxd3+ 37.Rxd3 Rxg8 38.g3 Kd7 39.Kc2 Kc6 40.b3 
Kb5 41.Rf3 Rg4 42.Kb2 a5 43.Rd3 Rg8 44.Kc2 Kb6 45.Kb2 Kb5 46.Kc2 a4 47.
bxa4+ Kxa4 48.Kb2 Kb5 49.Kb3 Rg7 50.Rf3 Rg4 51.Re3 Rg8 52.Rd3 Ra8 53.g4 
Ra3+ 54.Kc2 Ra2+ 55.Kb3 Ra3+ 56.Kc2 Ra2+ 57.Kb3 Rh2 58.Rg3 Rh4 59.f5 exf5 
60.gxf5 Rxh5 61.e6 fxe6 62.fxe6 Rh1 63.Re3 Ra1 64.Kb2 Ra8 65.e7 Re8 66.Kb3
h5 67.Re5 Kc6 68.Kxb4 h4 69.Rh5 Rxe7 70.Rh6+ Kc7 71.Rxh4 Re1 72.Kc5 Rg1 
73.Rh7+ Kd8 74.Kxd5 Rg5+ 75.Kd6 Rg6+ 76.Kc5 Ra6 77.d5 Rg6 78.Rh8+ Kd7 
1/2-1/2

[Event "Juniorallsvenskan, Linkoping 2023"]
[Site "Linkoping, Sweden"]
[Date "2023.11.26"]
[Round "4.9"]
[White "Torngren, Gustav"]
[Black "Strom-Engdahl, Alexander"]
[Result "0-1"]
[WhiteElo "2289"]
[BlackElo "2149"]
[ECO "D35"]
[TimeControl "90 min + 30 sec/move"]
[WhiteTitle "FM"]

1.d4 Nf6 2.c4 e6 3.Nc3 d5 4.cxd5 exd5 5.Bg5 c6 6.e3 Bd6 7.Bd3 O-O 8.Nf3 
Re8 9.O-O Bg4 10.Qb3 b6 11.Ne2 Nbd7 12.Qc2 Qc7 13.Rac1 c5 14.h3 Be6 15.
dxc5 bxc5 16.Ned4 Qb7 17.Nf5 Bf8 18.Rfd1 c4 19.Bf1 Bxf5 20.Qxf5 Qxb2 21.
Rc2 Qb6 22.Nd4 Bc5 23.Qf3 Bxd4 24.Rxd4 Qb1 25.Qe2 Rab8 26.Rd1 Qb4 27.g4 
Qa5 28.Bf4 Rb5 29.Bg2 Nf8 30.Bd6 Qb6 31.Bxf8 Kxf8 32.g5 Ne4 33.Qg4 Qe6 34.
Qxe6 Rxe6 35.Rd4 f5 36.gxf6 Nxf6 37.Kh2 Rc5 38.Rc3 Ke7 39.f3 Ra6 40.Rd2 
Ke6 41.e4 dxe4 42.fxe4 Ke5 43.a3 Rd6 44.Rdc2 Rd4 45.Rg3 h6 46.Rxg7 c3 47.
Rg3 Rdc4 48.Rd3 Nxe4 49.Bxe4 Kxe4 50.Rd8 Rd4 51.Re8+ Kd3 52.Ree2 Kc4 53.
Kg3 Kb3 54.Kf3 Rd3+ 55.Ke4 Rxh3 56.Kd4 Rc4+ 57.Kd5 Rh5+ 58.Kd6 a5 59.Rg2 
a4 60.Rgf2 Kxa3 61.Rc1 c2 0-1

[Event "Juniorallsvenskan, Linkoping 2023"]
[Site "Linkoping, Sweden"]
[Date "2023.11.26"]
[Round "4.10"]
[White "Karlsson, Stefan 2005"]
[Black "Konduru, Gary Sairahul"]
[Result "1-0"]
[WhiteElo "1970"]
[BlackElo "1579"]
[ECO "B12"]
[TimeControl "90 min + 30 sec/move"]

1.e4 c6 2.d4 d5 3.e5 Bf5 4.h4 h5 5.c4 dxc4 6.Bxc4 e6 7.Ne2 Ne7 8.Nbc3 Nd5 
9.Ng3 Bg6 10.Nxd5 cxd5 11.Be2 Be7 12.Bxh5 Bxh5 13.Nxh5 g6 14.Nf4 Rxh4 15.
Rxh4 Bxh4 16.Qg4 Nc6 17.Nxe6 fxe6 18.Qxe6+ Be7 19.Qxg6+ Kd7 20.Be3 Bb4+ 
21.Ke2 Qg8 22.Qxg8 Rxg8 23.Rg1 Ba5 24.g4 Ke6 25.f4 Ne7 26.f5+ Kf7 27.Kf3 
Bc7 28.Rh1 Nc8 29.g5 Bd8 30.Kg4 b5 31.Rh7+ Rg7 32.Rh8 Rg8 33.g6+ Kf8 34.
Bh6+ 1-0

[Event "Juniorallsvenskan, Linkoping 2023"]
[Site "Linkoping, Sweden"]
[Date "2023.11.26"]
[Round "4.11"]
[White "Dahlin, Emil 2013"]
[Black "Lindholm, Gustav"]
[Result "0-1"]
[WhiteElo "1338"]
[BlackElo "2092"]
[ECO "B90"]
[TimeControl "90 min + 30 sec/move"]

1.e4 c5 2.Nf3 d6 3.d4 cxd4 4.Nxd4 Nf6 5.Nc3 a6 6.f3 e5 7.Nb3 Be6 8.Be3 Be7
9.Nd5 Nxd5 10.exd5 Bf5 11.Bd3 Bxd3 12.Qxd3 Bh4+ 13.g3 Bf6 14.Rc1 Nd7 15.
O-O O-O 16.c3 Be7 17.Rf2 f5 18.c4 Rc8 19.f4 e4 20.Qd2 Rf6 21.Bd4 Rg6 22.
Rg2 b6 23.Qe3 Nc5 24.Nxc5 bxc5 25.Bc3 Rb8 26.Rcc2 Bf6 27.Kf1 Bxc3 28.Qxc3 
h5 29.h3 Rb7 30.Qe3 Qe8 31.b3 a5 32.Rb2 Qe7 33.Kg1 Qf6 34.Rbc2 Qd4 35.Rce2
a4 36.Kh2 axb3 37.axb3 Rf6 38.Rg1 Rf8 39.Rb1 Rfb8 40.Rbb2 Rb4 41.g4 Qxe3 
42.Rxe3 Rxc4 43.gxf5 Rd4 44.Kg3 Rxd5 45.Rxe4 Rd3+ 46.Kg2 Rbxb3 47.Rxb3 
Rxb3 48.Re6 d5 49.Rc6 c4 50.Kf2 Rxh3 51.Rd6 Rd3 52.Ke2 Kf7 53.Rd8 h4 54.
Rh8 h3 55.Rh4 Kf6 56.Rh5 d4 57.Rg5 Re3+ 58.Kd2 c3+ 59.Kc2 Re2+ 60.Kd1 Rg2 
61.Rh5 h2 62.Kc1 d3 63.Rg5 h1=Q# 0-1

[Event "Juniorallsvenskan, Linkoping 2023"]
[Site "Linkoping, Sweden"]
[Date "2023.11.26"]
[Round "5.1"]
[White "Bergman, Nils"]
[Black "Dingertz, Erik"]
[Result "1/2-1/2"]
[WhiteElo "1880"]
[BlackElo "2183"]
[ECO "C30"]
[TimeControl "90 min + 30 sec/move"]

1.e4 e5 2.f4 Bc5 3.Nc3 d6 4.fxe5 dxe5 5.Qh5 Nd7 6.Bc4 g6 7.Qe2 Nb6 8.Nf3 
Qe7 9.Bb3 Bg4 10.d3 O-O-O 11.h3 Be6 12.Be3 Bxe3 13.Qxe3 Kb8 14.Bxe6 Qxe6 
15.O-O-O Nf6 16.Rhf1 h6 17.Kb1 Nh5 18.g4 Ng7 19.Ne2 Ne8 20.Qc5 f6 21.Nh4 
Rg8 22.Qe3 Nd6 23.Rf2 h5 24.Rdf1 Nbc4 25.dxc4 Nxc4 26.Qg3 Nd2+ 27.Ka1 Nxe4
28.Qg2 Nxf2 29.Qxf2 hxg4 30.hxg4 Qxg4 31.Rg1 Qe4 32.Nc3 Qd4 33.Qxd4 Rxd4 
1/2-1/2

[Event "Juniorallsvenskan, Linkoping 2023"]
[Site "Linkoping, Sweden"]
[Date "2023.11.26"]
[Round "5.2"]
[White "Ljung, Harald"]
[Black "Willstedt, Lukas"]
[Result "1-0"]
[WhiteElo "2176"]
[BlackElo "1794"]
[ECO "A46"]
[TimeControl "90 min + 30 sec/move"]

1.d4 e6 2.Nf3 Nf6 3.g3 b5 4.Bg2 Bb7 5.O-O Be7 6.a4 b4 7.c4 bxc3 8.bxc3 c5 
9.Na3 cxd4 10.cxd4 d5 11.Bf4 O-O 12.Nb5 Na6 13.Rb1 Nb4 14.Bc7 Qc8 15.Bd6 
Nc6 16.Bxe7 Nxe7 17.Nd6 Qc6 18.Nxb7 Ne4 19.Ne5 Qc8 20.Bxe4 dxe4 21.Nd6 Qa6
22.Nxe4 Nd5 23.Nc5 Qd6 24.Qd3 f6 25.Nc4 Qe7 26.Rb7 Qe8 27.Nd6 Qd8 28.Nxe6 
1-0

[Event "Juniorallsvenskan, Linkoping 2023"]
[Site "Linkoping, Sweden"]
[Date "2023.11.26"]
[Round "5.3"]
[White "Karde, Douglas"]
[Black "Ivarsson, Sebastian"]
[Result "0-1"]
[WhiteElo "1723"]
[BlackElo "1947"]
[ECO "C45"]
[TimeControl "90 min + 30 sec/move"]

1.e4 e5 2.Nf3 Nc6 3.d4 exd4 4.Nxd4 Nf6 5.Nxc6 bxc6 6.e5 Qe7 7.Qe2 Nd5 8.c4
Nb6 9.Nc3 g6 10.f4 Bg7 11.Bd2 O-O 12.O-O-O Ba6 13.b3 Qa3+ 14.Kc2 Nd5 15.
Bc1 Qa5 16.Nxd5 cxd5 17.Rxd5 Qxd5 18.cxd5 Bxe2 19.Bxe2 d6 20.Bb2 dxe5 21.
fxe5 Rfe8 22.Bb5 Rxe5 23.Bxe5 Bxe5 24.h3 Rb8 25.a4 Rb6 26.Re1 f6 27.Rb1 
Kf8 28.Kd3 Ke7 29.Kc4 Kd6 30.b4 Rb8 31.Bc6 g5 32.Rf1 h5 33.a5 h4 34.Rb1 g4
35.Rb3 Rg8 36.a6 gxh3 37.gxh3 Rg3 38.Ba4 f5 39.Rd3 Bf4 40.Bd1 Be3 41.Rc3 
Rxh3 42.Kd3 Bf2+ 43.Kc4 Rxc3+ 44.Kxc3 Kxd5 45.Kd3 Be1 46.Bf3+ Ke5 47.b5 
Kf4 48.Ke2 Kg3 49.Bh1 Bf2 50.Kf1 f4 51.Bf3 Kxf3 52.b6 Bxb6 0-1

[Event "Juniorallsvenskan, Linkoping 2023"]
[Site "Linkoping, Sweden"]
[Date "2023.11.26"]
[Round "5.4"]
[White "Dingertz, Filip"]
[Black "Enholm, Herman"]
[Result "1/2-1/2"]
[WhiteElo "1855"]
[BlackElo "1703"]
[ECO "D36"]
[TimeControl "90 min + 30 sec/move"]

1.c4 e6 2.Nc3 d5 3.cxd5 exd5 4.d4 Nf6 5.Bg5 Be7 6.e3 O-O 7.Bd3 Nbd7 8.Nf3 
c6 9.O-O Re8 10.Rb1 a5 11.Qc2 Nf8 12.a3 g6 13.b4 axb4 14.axb4 Ne6 15.Bh4 
Ng7 16.b5 Bf5 17.bxc6 Bxd3 18.Qxd3 bxc6 19.Ne5 Qd6 20.Rb6 Nd7 21.Bxe7 Rxe7
22.Nxd7 Qxd7 23.Rfb1 Ne6 24.Qc2 Rc8 25.Na4 Qd6 26.Qd3 Kg7 27.Nc3 h5 28.h3 
Rd7 29.Qa6 Qf8 30.Rxc6 Rxc6 31.Qxc6 Rc7 32.Qxd5 Rxc3 33.Qe5+ Kh7 34.d5 Rc5
35.Rb8 Rxd5 36.Rxf8 Rxe5 37.Rxf7+ Kg8 38.Ra7 Rf5 39.Kf1 Rf7 40.Ra6 Nf8 41.
g4 h4 42.f4 g5 43.f5 Kg7 44.e4 1/2-1/2

[Event "Juniorallsvenskan, Linkoping 2023"]
[Site "Linkoping, Sweden"]
[Date "2023.11.26"]
[Round "5.6"]
[White "Morell, Ludvig"]
[Black "Karlsson, Stefan 2005"]
[Result "0-1"]
[WhiteElo "1977"]
[BlackElo "1970"]
[ECO "B18"]
[TimeControl "90 min + 30 sec/move"]

1.e4 c6 2.d4 d5 3.Nc3 dxe4 4.Nxe4 Bf5 5.Ng3 Bg6 6.Nf3 Nd7 7.Bd3 Ngf6 8.h4 
e6 9.h5 Bxd3 10.Qxd3 h6 11.c4 Bd6 12.Ne4 Nxe4 13.Qxe4 Nf6 14.Qc2 O-O 15.
Be3 Qc7 16.O-O-O Ng4 17.Qe2 Nxe3 18.fxe3 c5 19.d5 Rae8 20.Kb1 exd5 21.Rxd5
Re6 22.Qd2 Be7 23.Rh3 Bf6 24.b3 a5 25.g4 a4 26.g5 hxg5 27.Nxg5 Re5 28.Rd7 
Qb6 29.Rd6 Qa7 30.Rxf6 Rxg5 31.Rf1 axb3 32.h6 Qb6 33.hxg7 Qg6+ 34.Kb2 
Qxg7+ 35.Kxb3 Rg6 36.Qc3 Rb6+ 0-1

[Event "Juniorallsvenskan, Linkoping 2023"]
[Site "Linkoping, Sweden"]
[Date "2023.11.26"]
[Round "5.7"]
[White "Lindholm, Gustav"]
[Black "Morell, Oscar"]
[Result "1-0"]
[WhiteElo "2092"]
[BlackElo "1910"]
[ECO "D37"]
[TimeControl "90 min + 30 sec/move"]

1.d4 d5 2.c4 e6 3.Nf3 Nf6 4.Nc3 Be7 5.Bf4 O-O 6.e3 b6 7.cxd5 exd5 8.Bd3 
Bb7 9.Ne5 Nbd7 10.Qf3 Bd6 11.Nxd7 Qxd7 12.O-O a6 13.a3 Rae8 14.Bxd6 Qxd6 
15.Qe2 Ra8 16.b4 Ne4 17.Bxe4 dxe4 18.Qc4 Kh8 19.Rfc1 Rac8 20.Ne2 f5 21.a4 
Rf6 22.a5 g5 23.b5 Bd5 24.Qa4 bxa5 25.bxa6 f4 26.Qxa5 f3 27.Rc5 fxe2 28.
Rxd5 Qf8 29.Rxg5 c5 30.Qe1 cxd4 31.exd4 e3 32.f3 Qh6 33.Rga5 Rg8 34.Qxe2 
Qh3 35.Kh1 Qh4 36.a7 Rh6 37.h3 Qg3 38.a8=Q 1-0

[Event "Juniorallsvenskan, Linkoping 2023"]
[Site "Linkoping, Sweden"]
[Date "2023.11.26"]
[Round "5.8"]
[White "Johansson, William 2007"]
[Black "Havner, Arvid"]
[Result "0-1"]
[WhiteElo "1955"]
[BlackElo "1906"]
[ECO "D04"]
[TimeControl "90 min + 30 sec/move"]

1.d4 Nf6 2.Nf3 d5 3.e3 Bf5 4.b3 Nbd7 5.Bb2 e6 6.Nbd2 c6 7.Bd3 Bxd3 8.cxd3 
Be7 9.O-O O-O 10.Ne5 c5 11.Nxd7 Nxd7 12.dxc5 Nxc5 13.Nf3 Rc8 14.Rc1 Qb6 
15.Ne5 f6 16.d4 fxe5 17.dxc5 Bxc5 18.Bxe5 Bxe3 19.Qg4 g6 20.Rxc8 Rxc8 21.
Qh4 Rf8 22.Kh1 Qa6 23.Kg1 Qe2 24.Bg3 d4 25.h3 d3 26.Qe7 Bf4 27.Bxf4 Rxf4 
28.Rc1 Rf7 29.Rc8+ Kg7 0-1

[Event "Juniorallsvenskan, Linkoping 2023"]
[Site "Linkoping, Sweden"]
[Date "2023.11.26"]
[Round "5.9"]
[White "Lind Berteusen, Alvin"]
[Black "Torngren, Gustav"]
[Result "1-0"]
[WhiteElo "2071"]
[BlackElo "2289"]
[ECO "E60"]
[TimeControl "90 min + 30 sec/move"]
[BlackTitle "FM"]

1.Nf3 d6 2.d4 Nf6 3.g3 g6 4.Bg2 Bg7 5.O-O O-O 6.c4 Nc6 7.b3 a6 8.Bb2 Rb8 
9.d5 Na7 10.Nbd2 b5 11.Qc2 c5 12.e4 b4 13.Ng5 h6 14.Nh3 a5 15.Rae1 a4 16.
e5 Bf5 17.Qc1 Ng4 18.e6 fxe6 19.Bxg7 Kxg7 20.dxe6 Ne5 21.Qa1 Kh7 22.f4 
Nec6 23.Nf2 Nd4 24.Bd5 Qc8 25.g4 Bxe6 26.Rxe6 Nxe6 27.Re1 Nd4 28.Rxe7+ Kh8
29.Qb1 Rf6 30.Nde4 Rxf4 31.Nxd6 Qf8 32.Nf7+ Kg7 33.Rxa7 Nf3+ 34.Kh1 Re8 
35.Ne5+ Kf6 36.Nd7+ Kg5 37.Nxf8 1-0

[Event "Juniorallsvenskan, Linkoping 2023"]
[Site "Linkoping, Sweden"]
[Date "2023.11.26"]
[Round "5.10"]
[White "Konduru, Gary Sairahul"]
[Black "Jonsson, Oscar"]
[Result "0-1"]
[WhiteElo "1579"]
[BlackElo "2063"]
[ECO "B15"]
[TimeControl "90 min + 30 sec/move"]

1.e4 c6 2.d4 d5 3.Nc3 dxe4 4.Nxe4 Nf6 5.Nxf6+ exf6 6.c3 Bd6 7.Bd3 O-O 8.
Qc2 Re8+ 9.Ne2 h5 10.Be3 h4 11.O-O-O Na6 12.g3 h3 13.Bf5 Qa5 14.Kb1 Bxf5 
0-1

[Event "Juniorallsvenskan, Linkoping 2023"]
[Site "Linkoping, Sweden"]
[Date "2023.11.26"]
[Round "5.11"]
[White "Li, Kaj"]
[Black "Dahlin, Emil 2013"]
[Result "1-0"]
[WhiteElo "1618"]
[BlackElo "1338"]
[ECO "C45"]
[TimeControl "90 min + 30 sec/move"]

1.e4 e5 2.Nf3 Nc6 3.d4 exd4 4.Nxd4 Qh4 5.Be3 Qxe4 6.Nc3 Bb4 7.Nxc6 Qxc6 8.
Qd4 Bxc3+ 9.bxc3 Nf6 10.Qe5+ Kd8 11.O-O-O Re8 12.Qa5 a6 13.Bd4 b6 14.Qg5 
Rg8 15.Bc4 h6 16.Qh4 Rf8 17.Bd5 Qd6 18.Bxa8 Qe6 19.Bd5 Qf5 20.Bxf6+ Qxf6 
21.Qxf6+ gxf6 22.Rhe1 c6 23.Bf3 Kc7 24.Re7 b5 25.Rde1 a5 26.Re8 Rxe8 27.
Rxe8 b4 28.cxb4 axb4 29.Re7 c5 30.Rxf7 c4 31.Rxf6 d6 32.Rxh6 Bf5 33.g4 Bd7
34.g5 Bf5 35.g6 Bxg6 36.Rxg6 b3 37.axb3 cxb3 38.cxb3 Kb6 39.Rxd6+ Kc5 40.
Rd5+ Kc6 41.h4 Kb6 42.h5 Kc6 43.h6 Kb6 44.h7 Kc6 45.h8=Q Kb6 46.Qf6+ Kc7 
47.Re5 Kc8 48.Re7 Kd8 49.Qf8# 1-0